 Dungeon Sprint DCSS version 0.30-a0-469-g84de5afbc5 (webtiles) character file.

Game seed: 13137240392326427622

10000000 NinjaNoafa the Ninja (level 19, -76/99 (113) HPs)
             Began as a Felid Monk on Dec 19, 2022.
             Was the Champion of Makhleb.
             Killed from afar by a wretched soul (90 damage)
             ... with a bolt of negative energy
             ... in the Dungeon (Sprint VIII: "Arena of Blood").
             The game lasted 00:02:48 (100 turns).

NinjaNoafa the Ninja (Felid Monk)                    Turns: 100, Time: 00:02:48

HP:   -76/99 (113)  AC:  3    Str:  7    XL:     19   Next: 85%
MP:   51/51         EV: 49    Int: 14    God:    Makhleb [******]
Gold: 0             SH:  0    Dex: 25    Spells: 72/72 levels left
                                        Lives: 0   Deaths: 5

rFire   . . .      SeeInvis +      - Unarmed
rCold   + . .      Faith    .    (shield unavailable)
rNeg    . . .      Spirit   .    (body armour unavailable)
rPois   .          Reflect  .    (helmet unavailable)
rElec   .          Harm     .    (cloak unavailable)
rCorr   .          Rampage  .    (gloves unavailable)
Will    ++...      NoTele   +    (boots unavailable)
Stlth   ++++++++++               (no amulet)
HPRegen 0.36/turn                h - +27000 ring of slaying
MPRegen 0.32/turn                i - +30 ring of slaying

@: heavily drained, quick
A: very small, claws 1, fangs 3, see invisible, speed 1, shaggy fur 3, stealthy
paws, no weapons or thrown items, no armour, multi-lived
a: Renounce Religion, Minor Destruction, Lesser Servant of Makhleb, Major
Destruction, Greater Servant of Makhleb


You were in the Dungeon.
You worshipped Makhleb.
Makhleb was exalted by your worship.
You visited 1 branch

Inventory:

Jewellery
 h - a +27000 ring of slaying (left paw)
 i - a +30 ring of slaying (right paw)
Potions
 a - a potion of ambrosia
 b - a potion of curing
 d - a potion of haste
 e - 2 potions of magic
 f - a potion of berserk rage


   Skills:
 O Level 27 Fighting
 O Level 27 Dodging
 O Level 27 Stealth
 O Level 27 Unarmed Combat
 O Level 27 Spellcasting
 + Level 22.3 Conjurations
 O Level 27 Hexes
 + Level 23.0 Summonings
 + Level 23.0 Necromancy
 O Level 27 Translocations
 + Level 24.8 Transmutations
 + Level 21.3 Fire Magic
 + Level 21.3 Ice Magic
 + Level 21.3 Air Magic
 + Level 21.3 Earth Magic
 + Level 21.3 Poison Magic
 O Level 27 Invocations
 O Level 27 Evocations


You had 72 spell levels left.
You didn't know any spells.
Your spell library was empty.

Dungeon Overview and Level Annotations

Branches:
Dungeon (1/1)

Altars:
Makhleb


Innate Abilities, Weirdness & Mutations

You have sharp claws.
You have razor-sharp teeth.
You have supernaturally acute eyesight. (SInv)
You cover ground quickly. (Speed+)
Your thick and shaggy fur keeps you warm. (AC +3, rC+)
Your paws help you pounce on unaware monsters.
You are incapable of wielding weapons or throwing items.
You cannot wear armour.
You gain extra lives every three experience levels.


Message History

Aim: a destroyer, wielding a +9 vorpal great sword and wearing a +200 ring of slaying (lightly damaged, not watching you, ally target)
The bolt of acid hits the destroyer!!
The acid corrodes the destroyer!
The destroyer is lightly damaged.
You hear a shout! x5
An observer comes into view.
You hear a shout! x6
The destroyer hits your neqoxec with a +9 vorpal great sword!!
Your neqoxec dies!
Your neqoxec disappears in a puff of smoke!
You hear a shout! x4
The observer turns its gaze towards you.
You hear a shout! x3
A demon appears!
You hear a shout! x4
The tyrant mumbles some strange words.
A bag of meat comes into view. It is wielding a +9 war axe.
You hear a shout! x2
The accursed casts a spell at you. Something smites you!
The dread calls on the powers of darkness!
The bag of meat convulses!
Your body is wracked with pain!
* * * LOW HITPOINT WARNING * * *
The bag of meat convulses! x2; The meat berserker convulses!
The bag of meat convulses!
The observer convulses!
The bag of meat convulses!
You hear a shout! x3
You eviscerate the destroyer!!!!!!!!!
You destroy the destroyer!
Makhleb accepts your kill.
You feel better.
You hear a shout!
The tyrant waves its bony arms in wide circles.
The air twists around and strikes you!!!
* * * LOW HITPOINT WARNING * * *
The wretched soul breathes negative energy at you.
The bolt of negative energy hits the meat beast.
The meat beast completely resists.
The bolt of negative energy hits you!!!!
You feel drained.
Ouch! That really hurt!
You die... ..# . .. ..# ..... o.# ..# .... .ooo.

.. ..# o.....#§oo# ..
#..# oo...#.oo.#... G
#...#
...##.....#.X...#....#
..#....V.#.X..##.....#
..#o.o###.LWX#.......#
..oD§oo.W..#Mo.2@....#
....oooo..oW.....2####
§D####2o.DOoo†.####
.M○○.)DO)o.M###
§§○☼MW2o†####
§°°)))#### #######


You could see 2 accurseds, 2 tentacled monstrosities, a meat beast (fast,
distracted, ally target), a tyrant, an eight-headed meat hydra, an observer
(fast, invisible), a large abomination (summoned), a dread, a meat berserker
(berserk), a wretched soul (invisible), 6 bags of meat and a friendly green
death (summoned).

Vanquished Creatures
  2 hell beasts (D)
  8 vampire knights (D)
  18 ogres (D)
  2 two-headed ogres (D)
  A hydra (D)
  24 orcs (D)
  4 skeletal warriors (D)
59 creatures vanquished.

Vanquished Creatures (others)
  2 two-headed ogres (D)
  2 orcs (D)
4 creatures vanquished.

Grand Total: 63 creatures vanquished

Notes
Turn   | Place    | Note
-------+----------+-------------------------------------------
     0 | D        | NinjaNoafa the Felid Monk began the quest for the Orb.
     0 | D        | Reached XP level 1. HP: 10/10 MP: 2/2
     2 | D        | Became a worshipper of Makhleb the Destroyer
     2 | D        | Reached * piety under Makhleb
     2 | D        | Reached ** piety under Makhleb
     3 | D        | Noticed a bag of meat
     4 | D        | Noticed a meat berserker
     4 | D        | Noticed a bag of meat
     4 | D        | Noticed a bag of meat
     4 | D        | Noticed a bag of meat
     5 | D        | Noticed a meat berserker
     5 | D        | Noticed a bag of meat
     6 | D        | Noticed a bag of meat
     7 | D        | Noticed a bag of meat
     8 | D        | Noticed a meat berserker
     8 | D        | Killed a meat berserker
     9 | D        | Reached skill level 15 in Fighting
     9 | D        | Reached skill level 15 in Unarmed Combat
     9 | D        | Reached XP level 2. HP: 26/26 MP: 3/3
     9 | D        | Reached XP level 3. HP: 30/30 MP: 4/4
     9 | D        | Reached XP level 4. HP: 34/34 MP: 5/5
     9 | D        | Reached XP level 5. HP: 37/37 MP: 6/6
     9 | D        | Gained mutation: You are covered in thick fur. (AC +2)
                  | [Felid growth]
     9 | D        | Reached XP level 6. HP: 42/42 MP: 7/7
     9 | D        | Reached XP level 7. HP: 45/45 MP: 8/8
     9 | D        | Reached XP level 8. HP: 49/49 MP: 9/9
     9 | D        | Reached XP level 9. HP: 53/53 MP: 10/10
     9 | D        | Reached XP level 10. HP: 58/58 MP: 11/11
     9 | D        | Reached XP level 11. HP: 61/61 MP: 12/12
     9 | D        | Noticed a bag of meat
    11 | D        | Killed a bag of meat
    12 | D        | Gained mutation: Your thick and shaggy fur keeps you warm.
                  | (AC +3, rC+) [Felid growth]
    12 | D        | Reached XP level 12. HP: 67/67 MP: 13/13
    12 | D        | Noticed a meat berserker
    12 | D        | Killed a meat berserker
    12 | D        | Reached *** piety under Makhleb
    13 | D        | Reached XP level 13. HP: 57/74 MP: 14/14
    13 | D        | Killed a meat berserker
    14 | D        | Reached skill level 27 in Stealth
    14 | D        | Reached XP level 14. HP: 81/81 MP: 15/15
    14 | D        | Killed a bag of meat
    15 | D        | Reached skill level 5 in Invocations
    15 | D        | Killed a bag of meat
    16 | D        | Killed a bag of meat
    16 | D        | Reached **** piety under Makhleb
    16 | D        | Noticed a bag of meat
    17 | D        | Reached skill level 27 in Dodging
    17 | D        | Killed a bag of meat
    17 | D        | Noticed a meat berserker
    18 | D        | Reached XP level 15. HP: 88/88 MP: 15/24
    18 | D        | Noticed a meat berserker
    19 | D        | Killed a meat berserker
    20 | D        | Reached skill level 15 in Invocations
    20 | D        | Reached ***** piety under Makhleb
    21 | D        | Killed a meat berserker
    22 | D        | Reached XP level 16. HP: 98/98 MP: 15/30
    22 | D        | Killed a meat berserker
    23 | D        | Reached skill level 27 in Fighting
    23 | D        | Reached skill level 27 in Unarmed Combat
    26 | D        | Noticed a destroyer
    29 | D        | Noticed a large bag of meat
    29 | D        | Noticed a large bag of meat
    29 | D        | Noticed a destroyer
    30 | D        | Killed a destroyer
    31 | D        | Reached skill level 27 in Invocations
    31 | D        | Reached XP level 17. HP: 104/104 MP: 17/35
    31 | D        | Noticed a sculptor of flesh
    32 | D        | Killed a large bag of meat
    32 | D        | Mangled by a destroyer
    33 | D        | Reached XP level 16. HP: -9/100 MP: 17/34
    33 | D        | Reached skill level 15 in Spellcasting
    33 | D        | Noticed a meat berserker
    33 | D        | Noticed a meat berserker
    33 | D        | Noticed a meat berserker
    33 | D        | Noticed a meat berserker
    34 | D        | Noticed a sculptor of flesh
    34 | D        | Noticed a meat berserker
    34 | D        | Noticed a meat berserker
    35 | D        | Noticed a destroyer
    35 | D        | Killed a destroyer
    35 | D        | Noticed a large bag of meat
    36 | D        | Killed a sculptor of flesh
    37 | D        | Killed a meat berserker
    38 | D        | Reached XP level 17. HP: 104/104 MP: 35/43
    38 | D        | Killed a meat berserker
    38 | D        | Reached ****** piety under Makhleb
    38 | D        | Noticed a meat berserker
    38 | D        | Noticed a meat berserker
    40 | D        | Noticed a sculptor of flesh
    40 | D        | Noticed a sculptor of flesh
    41 | D        | Killed a meat berserker
    41 | D        | Noticed a meat berserker
    42 | D        | Killed a sculptor of flesh
    43 | D        | Reached XP level 18. HP: 27/109 MP: 36/49
    43 | D        | Noticed a destroyer
    43 | D        | Noticed a destroyer
    43 | D        | Noticed a sculptor of flesh
    43 | D        | Noticed a sculptor of flesh
    44 | D        | Noticed a sculptor of flesh
    44 | D        | Killed a destroyer
    45 | D        | Reached skill level 27 in Spellcasting
    45 | D        | Reached skill level 27 in Evocations
    45 | D        | Reached skill level 5 in Transmutations
    45 | D        | Noticed a large bag of meat
    45 | D        | Annihilated by a destroyer
    46 | D        | Reached XP level 17. HP: -49/104 MP: 36/49
    46 | D        | Reached skill level 5 in Conjurations
    46 | D        | Reached skill level 5 in Summonings
    46 | D        | Reached skill level 5 in Necromancy
    46 | D        | Reached skill level 5 in Fire Magic
    46 | D        | Reached skill level 5 in Ice Magic
    46 | D        | Reached skill level 5 in Air Magic
    46 | D        | Reached skill level 5 in Earth Magic
    46 | D        | Reached skill level 5 in Poison Magic
    46 | D        | Noticed a sculptor of flesh
    46 | D        | Noticed a destroyer
    47 | D        | Noticed a meat berserker
    47 | D        | Noticed a destroyer
    48 | D        | Noticed a destroyer
    49 | D        | Annihilated by a destroyer
    50 | D        | Reached XP level 16. HP: -35/100 MP: 48/48
    52 | D        | Noticed a meat berserker
    54 | D        | Killed a destroyer
    55 | D        | Killed a destroyer
    56 | D        | Reached skill level 10 in Transmutations
    56 | D        | Reached XP level 17. HP: 104/104 MP: 49/49
    57 | D        | Reached skill level 10 in Summonings
    57 | D        | Reached skill level 10 in Necromancy
    57 | D        | Killed a sculptor of flesh
    58 | D        | Reached skill level 10 in Conjurations
    58 | D        | Noticed a meat berserker
    58 | D        | Killed a meat berserker
    59 | D        | Reached skill level 15 in Hexes
    59 | D        | Reached skill level 15 in Translocations
    59 | D        | Reached skill level 10 in Fire Magic
    59 | D        | Reached skill level 10 in Ice Magic
    59 | D        | Reached skill level 10 in Air Magic
    59 | D        | Reached skill level 10 in Earth Magic
    59 | D        | Reached skill level 10 in Poison Magic
    59 | D        | Noticed a meat berserker
    60 | D        | Killed a meat berserker
    60 | D        | Noticed a meat berserker
    61 | D        | Reached XP level 18. HP: 109/109 MP: 50/50
    62 | D        | Killed a sculptor of flesh
    63 | D        | Noticed a meat beast
    64 | D        | Noticed an eight-headed meat hydra
    64 | D        | Noticed an accursed
    65 | D        | Killed a meat berserker
    65 | D        | Noticed a large bag of meat
    66 | D        | Noticed a meat beast
    67 | D        | Killed a meat berserker
    68 | D        | Reached skill level 15 in Transmutations
    69 | D        | Killed a meat beast
    70 | D        | Reached skill level 15 in Fire Magic
    70 | D        | Reached skill level 15 in Ice Magic
    70 | D        | Reached skill level 15 in Air Magic
    70 | D        | Reached skill level 15 in Earth Magic
    70 | D        | Reached skill level 15 in Poison Magic
    70 | D        | Reached XP level 19. HP: 58/113 MP: 51/51
    70 | D        | Noticed a dread
    70 | D        | Noticed a meat berserker
    73 | D        | Killed a meat berserker
    74 | D        | Killed a meat beast
    75 | D        | Reached XP level 20. HP: 58/118 MP: 52/52
    75 | D        | HP: 3/118 [bag of meat/+9 war axe (45)]
    75 | D        | Noticed a meat beast
    76 | D        | Killed a large bag of meat
    76 | D        | Killed a large bag of meat
    76 | D        | Killed by an exploding large bag of meat... ignited by
                  | their inner flame
    77 | D        | Reached XP level 19. HP: -4/113 MP: 51/51
    77 | D        | Noticed an eight-headed meat hydra
    77 | D        | Noticed a meat berserker
    78 | D        | Reached skill level 27 in Hexes
    78 | D        | Reached skill level 27 in Translocations
    83 | D        | Reached XP level 20. HP: 40/118 MP: 52/52
    83 | D        | Killed a meat berserker
    83 | D        | Noticed an eight-headed meat hydra
    85 | D        | Killed a meat berserker
    87 | D        | Killed a destroyer
    88 | D        | Noticed an eight-headed meat hydra
    89 | D        | Killed a meat berserker
    90 | D        | Killed a destroyer
    90 | D        | Killed a large bag of meat
    90 | D        | Noticed an accursed
    91 | D        | Noticed an accursed
    92 | D        | Noticed an accursed
    92 | D        | Killed a meat berserker
    92 | D        | Noticed a dread
    93 | D        | Noticed an eight-headed meat hydra
    93 | D        | HP: 3/118 [??? (1)]
    93 | D        | Killed from afar by an accursed
    94 | D        | Reached XP level 19. HP: -7/113 MP: 51/51
    95 | D        | Killed an eight-headed meat hydra
    97 | D        | Noticed a tyrant
    98 | D        | Noticed an observer
   100 | D        | Killed a destroyer
   100 | D        | Killed from afar by a wretched soul

Illustrated notes

Levels and vault maps discovered:
D:        meatsprint

Skill      XL: |  1  2  3  4  5  6  7  8  9 10 11 12 13 14 15 16 17 18 19 20 |
---------------+-------------------------------------------------------------+-----
Fighting       | 15 16 18 20 22 26 27 | 27.0
Dodging        | 19 21 23 25 27 | 27.0
Stealth        | 20 22 25 27 | 27.0
Unarmed Combat | 15 16 18 20 22 26 27 | 27.0
Invocations    | 11 18 27 | 27.0
Spellcasting   | 21 26 27 | 27.0
Evocations     | 18 26 27 | 27.0
Conjurations   | 9 12 16 20 22 | 22.3
Hexes          | 13 17 23 27 | 27.0
Summonings     | 9 12 17 20 23 | 23.0
Necromancy     | 9 12 17 20 23 | 23.0
Translocations | 13 17 23 27 | 27.0
Transmutations | 10 13 18 22 24 | 24.8
Fire Magic     | 8 11 15 19 21 | 21.3
Ice Magic      | 8 11 15 19 21 | 21.3
Air Magic      | 8 11 15 19 21 | 21.3
Earth Magic    | 8 11 15 19 21 | 21.3
Poison Magic   | 8 11 15 19 21 | 21.3

Action                   |  1- 3 |  4- 6 |  7- 9 | 10-12 | 13-15 | 16-18 | 19-21 || total
-------------------------+-------+-------+-------+-------+-------+-------+-------++-------
Melee: Unarmed           |     1 |       |       |     2 |     9 |    26 |    20 ||    58
       Punch             |       |       |       |       |       |       |     1 ||     1
Invok: Major Destruction |       |       |       |       |       |     5 |     4 ||     9
       Greater Servant o |       |       |       |       |       |     3 |     3 ||     6
       Lesser Servant of |       |       |       |       |       |     3 |     1 ||     4
  Use: Scroll            |       |       |       |       |       |     1 |       ||     1
       Potion            |       |       |       |       |       |       |     1 ||     1
 Stab: Distracted        |       |       |       |       |       |       |     1 ||     1
Armor: Skin              |       |       |       |       |       |     1 |       ||     1
Dodge: Dodged            |       |       |       |       |       |     8 |     6 ||    14

Table legend: (Time is in decaauts)
 A = Elapsed time spent in this place.
 B = Non-inter-level travel time spent in this place.
 C = Inter-level travel time spent in this place.
 D = Time resting spent in this place.
 E = Time spent auto-exploring this place.
 F = Levels seen in this place.
 G = Mean time per level.
                   A        B        C        D        E       F      G
               +--------+--------+--------+--------+--------+-----+--------+
         Total |     69 |     69 |      0 |      0 |      0 |   1 |   69.0 |
       Dungeon |     69 |     69 |      0 |      0 |      0 |   1 |   69.0 |
               +--------+--------+--------+--------+--------+-----+--------+

Top non-repeatable levels by time:
       D: 69 daAuts
